 Dungeon Crawl Stone Soup version 0.26-a0-660-gc07710193c (console) character file.

Game seed: 14842224247136418638

172 om the Chopper (level 5, -2/46 HPs)
             Began as a Minotaur Fighter on Oct 6, 2020.
             Was an Initiate of Zin.
             Slain by Terence
             ... wielding a +1 short sword of draining
              (6 damage)
             ... on level 3 of the Dungeon.
             The game lasted 00:03:43 (1621 turns).

om the Chopper (Minotaur Fighter)                   Turns: 1621, Time: 00:03:43

Health: -2/46      AC:  8    Str: 22    XL:     5   Next: 27%
Magic:  4/4        EV:  9    Int:  5    God:    Zin [......]
Gold:   39         SH:  9    Dex:  9    Spells: 4/4 levels left

rFire    . . .     SeeInvis .   a - +0 war axe
rCold    . . .     Faith    .   c - +0 kite shield
rNeg     . . .     Spirit   .   b - +0 scale mail
rPois    .         Reflect  .   (helmet restricted)
rElec    .         Harm     .   g - +0 cloak
rCorr    +         Rampage  .   (no gloves)
MR       .....                  (no boots)
Stlth    ..........             (no amulet)
HPRegen  0.15/turn              m - ring of resist corrosion
MPRegen  0.09/turn              (no ring)

@: mighty
A: retaliatory headbutt, horns 2
a: Donate Gold, Renounce Religion


You were on level 3 of the Dungeon.
You worshipped Zin.
Zin was noncommittal.
You visited 1 branch of the dungeon, and saw 3 of its levels.

You collected 88 gold pieces.
You donated 49 gold pieces to Zin.

Inventory:

Hand Weapons
 a - a +0 war axe (weapon)
Armour
 b - a +0 scale mail (worn)
 c - a +0 kite shield (worn)
 g - a +0 cloak (worn)
Jewellery
 m - a ring of resist corrosion (left hand)
Scrolls
 h - a scroll of identify {unknown}
 l - a scroll of blinking {unknown}
 n - a scroll of teleportation {unknown}
Potions
 e - a potion of stabbing {unknown}
 f - 3 potions of curing {unknown}
 i - a potion of heal wounds {unknown}
 j - a potion of degeneration {unknown}
 k - 2 potions of resistance


   Skills:
 - Level 4.0 Fighting
 * Level 4.4 Axes
 - Level 4.0 Armour
 * Level 3.5 Dodging
 - Level 4.0 Shields


You had 4 spell levels left.
You didn't know any spells.
Your spell library contained the following spells:

 Spells                   Type           Power        Failure   Level
 Confusing Touch          Hex            #.......     100%        3
 Gell's Gravitas          Tloc           #.........   100%        3
 Petrify                  Tmut/Erth      #.......     100%        4
 Metabolic Englaciation   Hex/Ice        #.........   100%        5
 Yara's Violent Unravell  Hex/Tmut       #.........   100%        5


Dungeon Overview and Level Annotations

Branches:
Dungeon (3/15)

Altars:
Hepliaklqana
Xom
Zin

Annotations:
D:3 Terence


Innate Abilities, Weirdness & Mutations

You reflexively headbutt those who attack you in melee.
You have a pair of horns on your head.


Message History

Okay, then.
You feel sick.
Terence the Incautious comes into view.
He is wielding a +1 short sword of draining.
You hear the brisk rusting of a drain nearby.
You feel sick.
You are no longer poisoned.
You see here an adder corpse.
You feel very mighty all of a sudden.
The frilled lizard bites you but does no damage.
You hit the frilled lizard.
You kill the frilled lizard!
You block the goblin's attack.
You closely miss the goblin. The goblin hits you with a +0 dagger.
* * * LOW HITPOINT WARNING * * *
You hit the goblin.
You kill the goblin!
You slash Terence!
Terence is heavily wounded.
Terence hits you with a +1 short sword of draining.
You die...

#.. ### #.# #.. ... #.#####.##
#.#.. ... #.#.# #.#####
#.#.###.#...#####################
'...........'...@@.......†.......
#.#.#####...#####################
#.#.# #...# #.#.# #...# ..#.#
#..... ###.# ##..... #.# #......
#.# #......


You could see Terence.

Vanquished Creatures
  Jessica (D:3)
  A worker ant (D:3)
  3 gnolls (D:3)
  5 adders
  A dart slug (D:1)
  2 leopard geckos
  A ball python (D:2)
  3 giant cockroaches
  12 goblins
  8 hobgoblins
  3 kobolds
  3 bats
  A frilled lizard (D:3)
  5 rats
49 creatures vanquished.

Vanquished Creatures (others)
  2 plants (D:1)
2 creatures vanquished.

Grand Total: 51 creatures vanquished

Notes
Turn   | Place    | Note
-------+----------+-------------------------------------------
     0 | D:1      | om the Minotaur Fighter began the quest for the Orb.
     0 | D:1      | Reached XP level 1. HP: 19/19 MP: 0/0
   197 | D:1      | Reached skill level 1 in Dodging
   197 | D:1      | Reached XP level 2. HP: 27/27 MP: 1/1
   629 | D:2      | Reached XP level 3. HP: 33/33 MP: 2/2
   657 | D:2      | Found a hazy altar of Hepliaklqana.
   658 | D:2      | Found a shimmering altar of Xom.
   659 | D:2      | Noticed a spectral ugly thing
  1185 | D:2      | Found a glowing silver altar of Zin.
  1186 | D:2      | Noticed an angel
  1195 | D:2      | Became a worshipper of Zin the Law-Giver
  1196 | D:2      | Donated 41 gold pieces to Zin
  1420 | D:3      | Noticed Jessica
  1426 | D:3      | Reached XP level 4. HP: 40/40 MP: 3/3
  1430 | D:3      | Killed Jessica
  1485 | D:3      | HP: 1/40 [gnoll/+0 halberd (3)]
  1486 | D:3      | Reached XP level 5. HP: 1/46 MP: 4/4
  1601 | D:3      | Noticed Terence
  1621 | D:3      | Slain by Terence

Illustrated notes

Levels and vault maps discovered:
D:1:      roderic_crop_circles_arrival_small, layout_basic
D:2:      layout_basic, regret_index_temple_of_mockery, zin_angel
D:3:      layout_basic, portal_sewer_entry_b, grunt_dithmenos_smoke_and_mirrors,
          uniq_grinder, uniq_jessica, uniq_terence

Skill      XL: |  1  2  3  4 |
---------------+-------------+-----
Dodging        | 1 2 3 |  3.5
Axes           | 3 4 |  4.4
Armour         | 4 |  4.0
Fighting       | 4 |  4.0
Shields        | 4 |  4.0

Action                   |  1- 3 |  4- 6 || total
-------------------------+-------+-------++-------
Melee: War axe           |    86 |    32 ||   118
       Headbutt          |    11 |     5 ||    16
Invok: Donate Gold       |     1 |       ||     1
  Use: Potion            |       |     1 ||     1
Armor: Scale mail        |    40 |     7 ||    47
Dodge: Dodged            |    34 |     8 ||    42
Block: Kite shield       |    45 |    18 ||    63

Table legend: (Time is in decaauts)
 A = Elapsed time spent in this place.
 B = Non-inter-level travel time spent in this place.
 C = Inter-level travel time spent in this place.
 D = Time resting spent in this place.
 E = Time spent auto-exploring this place.
 F = Levels seen in this place.
 G = Mean time per level.
                   A        B        C        D        E       F      G
               +--------+--------+--------+--------+--------+-----+--------+
         Total |   1668 |   1635 |     33 |     68 |   1158 |   3 |  556.0 |
       Dungeon |   1668 |   1635 |     33 |     68 |   1158 |   3 |  556.0 |
               +--------+--------+--------+--------+--------+-----+--------+

Top non-repeatable levels by time:
     D:2: 641 daAuts
     D:1: 601 daAuts
     D:3: 425 daAuts
